 Dungeon Crawl Stone Soup version 0.29.1-12-g30fa7ad0bf (webtiles) character file.

Game seed: 2495530927693092216

373 croobank the Conjurer (level 6, 0/46 HPs)
             Began as a Demonspawn Conjurer on Dec 29, 2022.
             Slain by a black bear (1 damage)
             ... on level 4 of the Dungeon.
             The game lasted 00:08:46 (3431 turns).

croobank the Conjurer (Demonspawn Conjurer)         Turns: 3431, Time: 00:08:47

Health: 0/46       AC:  2    Str:  7    XL:     6   Next: 43%
Magic:  0/10       EV: 13    Int: 22    God:
Gold:   166        SH:  0    Dex: 15    Spells: 3/11 levels left

rFire   . . .      SeeInvis .   k - +0 short sword (venom)
rCold   . . .      Faith    .   (no shield)
rNeg    . . .      Spirit   .   a - +0 robe
rPois   .          Reflect  .   (no helmet)
rElec   .          Harm     .   (no cloak)
rCorr   .          Rampage  .   (no gloves)
Will    .....                   (no boots)
Stlth   ++++......              (no amulet)
HPRegen 0.15/turn               (no ring)
MPRegen 0.12/turn               (no ring)

@: no status effects
A: thin skeletal structure 2, spiny 1
a: no special abilities


You were on level 4 of the Dungeon.
You visited 1 branch of the dungeon, and saw 4 of its levels.

You collected 166 gold pieces.

Inventory:

Hand Weapons
 i - a +0 dagger
 k - a +0 short sword of venom (weapon)
Missiles
 c - 14 poisoned darts (quivered)
Armour
 a - a +0 robe (worn)
Jewellery
 b - a ring of see invisible
Scrolls
 d - a scroll of poison {unknown}
 h - 2 scrolls of amnesia {unknown}
 j - 3 scrolls of identify {unknown}
 l - a scroll of brand weapon {unknown}
 n - 2 scrolls of magic mapping {unknown}
 o - a scroll of immolation {unknown}
 p - a scroll of fog {unknown}
Potions
 e - a potion of ambrosia {unknown}
 f - 2 potions of flight {unknown}
 g - a potion of resistance {unknown}
 m - 2 potions of curing {unknown}


   Skills:
 + Level 2.8 Fighting
 + Level 2.9 Dodging
 + Level 3.3 Stealth
 + Level 3.0 Spellcasting
 + Level 4.8 Conjurations
 + Level 1.1 Hexes
 + Level 1.0 Translocations


You had 3 spell levels left.
You knew the following spells:

 Your Spells              Type           Power      Damage    Failure   Level
a - Magic Dart            Conj           96%        1d7       1%          1
b - Searing Ray           Conj           48%        2d6       2%          2
c - Dazzling Flash        Conj/Hex       32%        N/A       11%         3
d - Blink                 Tloc           16%        N/A       12%         2

Your spell library contained the following spells:

 Spells                   Type           Power      Damage    Failure   Level
 Sublimation of Blood     Necr           3%         N/A       19%         2
 Lesser Beckoning         Tloc           8%         N/A       24%         3
 Fulminant Prism          Conj/Hex       8%         3d7       34%         4
 Iskenderun's Mystic Bla  Conj/Tloc      16%        2d5       36%         4
 Petrify                  Tmut/Erth      3%         N/A       77%         4
 Irradiate                Conj/Tmut      7%         3d14      77%         5
 Manifold Assault         Tloc           8%         N/A       91%         5


Dungeon Overview and Level Annotations

Branches:
Dungeon (4/15)
 Temple: D:4-7

Altars:
Kikubaaqudgha
Okawaru
Uskayaw
Xom

Portals:
Ossuary: D:4

Annotations:
D:4 3 runed translucent doors


Innate Abilities, Weirdness & Mutations

You have a moderately thin skeletal structure. (Dex +4, Stealth++)
You are partially covered in sharp spines.


Message History

The mummy misses you.
Casting: Searing Ray (safe; 2% risk of failure)
Confirm with . or Enter, or press ? or * to list all spells.
Aiming: Searing Ray (safe; 2% risk of failure)
Press: ? - help, Shift-Dir - straight line, p - mummy The searing ray hits the ball python!
You kill the ball python!
The searing ray hits the mummy.
The mummy is almost destroyed.
The searing ray misses the black bear. (Press . to maintain the ray.)
Casting: Searing Ray (safe; 2% risk of failure)
Confirm with . or Enter, or press ? or * to list all spells.
Aiming: Searing Ray (safe; 2% risk of failure)
Press: ? - help, Shift-Dir - straight line, f - black bear
Aim: a black bear (85% to hit)
The searing ray hits the mummy but does no damage.
The mummy is almost destroyed.
The searing ray hits the black bear.
The black bear is moderately wounded. (Press . to maintain the ray.)
The searing ray hits the mummy.
You destroy the mummy!
The searing ray hits the black bear!
The black bear is heavily wounded.
Your magical contamination has completely faded away.
The searing ray hits the black bear.
The black bear is severely wounded.
The black bear goes berserk!
Without enough magic to sustain it, your searing ray dissipates.
Casting: Searing Ray (safe; 2% risk of failure)
Confirm with . or Enter, or press ? or * to list all spells.
You don't have enough magic to cast this spell.
The black bear misses you. The black bear claws you.
The black bear closely misses you. The black bear bites you!
* * * LOW HITPOINT WARNING * * *
The black bear claws you.
* * * LOW HITPOINT WARNING * * *
The black bear claws you.
You die...

## ..## #..# #.####
#....#####
..#########.##.....####
........†h@...........#
.#..###'###.###'###..##
#∩##...##.##..#####
..###.....###.........
...#.......#.)........
#S...###'###...........
##....##.##............
##....###......#......
##....#.......#......


You could see a black bear (berserk).

Vanquished Creatures
  2 scorpions (D:4)
  2 orc priests (D:4)
  An iguana (D:4)
  An orc wizard (D:4)
  A mummy (D:4)
  6 adders
  A worm (D:2)
  2 dart slugs
  7 orcs
  5 endoplasms
  6 giant cockroaches
  12 goblins
  A hobgoblin (D:3)
  3 quokkas
  3 ball pythons
  6 bats
  4 frilled lizards
  2 goblin zombies (D:4)
  8 kobolds
  2 rats
75 creatures vanquished.

Notes
Turn   | Place    | Note
-------+----------+-------------------------------------------
     0 | D:1      | croobank the Demonspawn Conjurer began the quest for the
                  | Orb.
     0 | D:1      | Reached XP level 1. HP: 13/13 MP: 3/3
   198 | D:1      | Found a faded altar of an unknown god.
   366 | D:1      | Gained mutation: You are partially covered in sharp spines.
                  | [demonic ancestry]
   366 | D:1      | Reached XP level 2. HP: 16/19 MP: 1/5
   403 | D:1      | Learned a level 2 spell: Searing Ray
  1057 | D:2      | Gained mutation: You have a somewhat thin skeletal
                  | structure. (Dex +2, Stealth+) [demonic ancestry]
  1057 | D:2      | Reached XP level 3. HP: 25/25 MP: 6/6
  1061 | D:2      | Learned a level 3 spell: Dazzling Flash
  1114 | D:2      | Found an ancient bone altar of Kikubaaqudgha.
  1165 | D:2      | Reached skill level 1 in Fighting
  1797 | D:3      | Reached XP level 4. HP: 31/32 MP: 7/7
  2430 | D:3      | Found an iron altar of Okawaru.
  2923 | D:3      | Found a shimmering altar of Xom.
  3022 | D:4      | Noticed a scorpion
  3028 | D:4      | Killed a scorpion
  3029 | D:4      | Reached XP level 5. HP: 39/39 MP: 2/9
  3068 | D:4      | Learned a level 2 spell: Blink
  3128 | D:4      | Found a runed translucent gate.
  3128 | D:4      | Found a runed translucent gate.
  3128 | D:4      | Found a runed translucent gate.
  3149 | D:4      | Found a hide-covered altar of Uskayaw.
  3308 | D:4      | Gained mutation: You have a moderately thin skeletal
                  | structure. (Dex +4, Stealth++) [demonic ancestry]
  3308 | D:4      | Reached XP level 6. HP: 23/46 MP: 1/10
  3350 | D:4      | Reached skill level 1 in Hexes
  3350 | D:4      | Reached skill level 1 in Translocations
  3417 | D:4      | Found a sand-covered staircase.
  3431 | D:4      | HP: 1/46 [black bear (6)]
  3431 | D:4      | Slain by a black bear

Illustrated notes

Levels and vault maps discovered:
D:1:      evilmike_arrival_plus, layout_basic, ebering_ecumenical_altar_webs,
          minmay_worlds_worst_comb
D:2:      layout_basic, basic_altar
D:3:      layout_loops_corners, kennysheep_okawaru_gauntlet, tgw_xom
D:4:      minmay_octagon_keep, layout_basic, old_standard_altar,
          biasface_ghost_orc_armoury, nicolae_ossuary_entry_giza

Skill      XL: |  1  2  3  4  5  6 |
---------------+-------------------+-----
Stealth        | 2 3 |  3.3
Dodging        | 2 |  2.9
Fighting       | 1 2 |  2.8
Hexes          | 1 |  1.1
Translocations | 1 |  1.0
Spellcasting   | 3 |  3.0
Conjurations   | |  4.8

Action                   |  1- 3 |  4- 6 || total
-------------------------+-------+-------++-------
Melee: Dagger            |     8 |       ||     8
       Short sword       |    31 |    28 ||    59
 Cast: Magic Dart        |    32 |    23 ||    55
       Searing Ray       |     1 |    13 ||    14
       Dazzling Flash    |       |     4 ||     4
  Use: Potion            |       |     1 ||     1
 Stab: Sleeping          |    11 |     5 ||    16
       Distracted        |       |     1 ||     1
Armor: Robe              |    11 |     5 ||    16
Dodge: Dodged            |    20 |    27 ||    47
